Construct Section Command Post
Selects Australian Defense Battlegroup
Selects Australian Light Infantry Section
Australian Light Infantry Section
Australian Light Infantry Section
Construct Platoon Command Post
Selects CMP 15cwt Supply Run
6-pounder Anti-tank Gun Team
Selects Reinforced Resource Caches
Construct Company Command Post
6-pounder Anti-tank Gun Team
6-pounder Anti-tank Gun Team
Selects Archer Tank Destroyer
Selects Defensive Tactics
Selects Defensive Tactics
Selects Vehicle Over Repair
Australian Light Infantry Section